 Dungeon Crawl Stone Soup version 0.24.0 (webtiles) character file.

Game seed: 8417522621345611238, levelgen mode: deterministic

1902 NeoElementia the Ruffian (level 8, -6/117 HPs)
             Began as a Troll Berserker on Mar 5, 2020.
             Was an Elder of Trog.
             Mangled by Duelies's ghost (8 damage)
             ... on level 6 of the Dungeon.
             The game lasted 00:43:59 (6072 turns).

NeoElementia the Ruffian (Troll Berserker)          Turns: 6072, Time: 00:44:00

Health: -6/117     AC:  9    Str: 34    XL:     8   Next: 94%
Magic:  7/7        EV: 11    Int:  3    God:    Trog [****..]
Gold:   314        SH:  0    Dex: 10    Spells: 7/7 levels left

rFire    . . .     SeeInvis .   l - +0 hand axe (elec)
rCold    . . .     Gourm    +   (no shield)
rNeg     . . .     Faith    .   a - +1 animal skin
rPois    .         Spirit   .   (helmet restricted)
rElec    .         Reflect  .   (no cloak)
rCorr    +         Harm     +   (gloves unavailable)
MR       .....                  (boots unavailable)
Stlth    ..........             n - amulet of harm
HPRegen  0.69/turn              i - ring of wizardry
MPRegen  0.10/turn              r - ring of resist corrosion

@: berserking (expiring), lethally poisoned (-6 -> -6), slowed
A: large, unfitting armour, claws 3, thin metallic scales 1, fast metabolism 3,
gourmand, regeneration 1, shaggy fur 1, strong 1, tough skin 3, subdued magic 1
a: Berserk, Trog's Hand, Brothers in Arms, Renounce Religion


You were on level 6 of the Dungeon.
You worshipped Trog.
Trog was greatly pleased with you.
You were not hungry.

You visited 2 branches of the dungeon, and saw 7 of its levels.

You collected 314 gold pieces.

Inventory:

Hand Weapons
 f - a +0 mace
 l - a +0 hand axe of electrocution (weapon)
 t - a +0 shortbow
Missiles
 d - 25 poisoned darts (quivered)
 u - 18 arrows
 v - 6 boomerangs
Armour
 a - a +1 animal skin (worn)
 j - a cursed +0 helmet
 w - a +0 pair of boots
Jewellery
 i - a ring of wizardry (left claw)
 n - an amulet of harm (around neck)
 r - a ring of resist corrosion (right claw)
Scrolls
 g - a scroll of remove curse
 h - a scroll of immolation
 o - 3 scrolls of identify
 s - a scroll of teleportation
Potions
 c - 2 potions of resistance
 e - a potion of brilliance
 k - a potion of lignification
 m - a potion of might
 p - a potion of ambrosia
 q - 2 potions of heal wounds
Comestibles
 b - 10 rations


   Skills:
 + Level 4.1 Fighting
 + Level 4.5 Axes
 + Level 3.9 Throwing
 + Level 5.0 Dodging
 + Level 1.3 Stealth
 + Level 6.2 Unarmed Combat


You had 7 spell levels left.
You didn't know any spells.
Your spell library was empty.

Dungeon Overview and Level Annotations

Branches:
Dungeon (6/15)             Temple (1/1) D:5

Altars:
Ashenzari
Cheibriados
Dithmenos
Elyvilon
Fedhas
Gozag
Hepliaklqana
Kikubaaqudgha
Makhleb
Nemelex Xobeh
Okawaru
Qazlal
Sif Muna
Trog
Uskayaw
Vehumet
Wu Jian
Xom
Yredelemnul
Zin
The Shining One

Shops:
D:5 =

Annotations:
D:6 Duelies's ghost, novice GnGl


Innate Abilities, Weirdness & Mutations

You are too large for most types of armour.
You have claws for hands.
Your metabolism is lightning-fast.
You like to eat raw meat.
Your natural rate of healing is unusually fast.
You are covered in fur. (AC +1)
You have extremely tough skin. (AC +3)
You are partially covered in thin metallic scales. (AC +2)
Your muscles are strong. (Str +2)
Your spells are a little easier to cast, but a little less powerful.


Message History

You hit the big kobold but do no damage.
Duelies's ghost barely misses you.
The big kobold hits you but does no damage.
You closely miss Duelies's ghost. You closely miss the big kobold.
You feel sick. Duelies's ghost barely misses you.
The big kobold completely misses you.
Unknown command.
You barely miss Duelies's ghost. You barely miss the big kobold.
Duelies's ghost hits you!!
* * * LOW HITPOINT WARNING * * *
The big kobold closely misses you.
You miss Duelies's ghost. You barely miss the big kobold.
You feel sick. Duelies's ghost barely misses you. The big kobold misses you.
The wizard mumbles some strange words.
The wizard seems to speed up.
You barely miss Duelies's ghost. You hit the big kobold.
Duelies's ghost closely misses you.
The big kobold hits you but does no damage.
Duelies's ghost hits you!
You die...

.........'.(†....................
.........####.#############...###
#.......## ###∩8∩8.## #..##
##.....## #..$.$$∩# #.## ##...##
#8.$8$.8# #.# ##+## .$._...# #.#
#.# ##.p$.$## .# ####.# ###WK'###
...#.## #..@†...# ##....####
#.##.#### .......>.# #....#
##....##.# #.####
...#.###.#####.# ## #.# #.......#
#.# ######### #.# #.# .##


You could see a wizard, a big kobold and Duelies's ghost.

Vanquished Creatures
  A hornet (D:6)
  An ice beast (D:6)
  A sky beast (D:6)
  A hornet zombie (D:6)
  The ghost of Pseudoku the Poker, an amateur DrWr of Gozag (D:3)
  A phantom (D:4)
  A centaur (D:6)
  3 big kobolds (D:5)
  A bullfrog (D:6)
  3 scorpions
  A howler monkey (D:4)
  2 vampire bats (D:2)
  A crimson imp (D:5)
  A hound (D:4)
  2 orc wizards (D:3)
  A centaur skeleton (D:4)
  3 orc priests
  3 worker ants
  An iguana (D:6)
  A hound zombie (D:3)
  2 hound skeletons (D:3)
  A worker ant zombie (D:6)
  2 gnolls (D:5)
  6 adders
  2 oozes
  An adder skeleton (D:6)
  3 worms
  2 dart slugs (D:1)
  6 leopard geckos
  16 orcs
  3 ball pythons
  10 bats
  4 bat skeletons (D:2)
  A bat zombie (D:2)
  7 giant cockroaches
  5 goblins
  7 hobgoblins
  3 jackals
  49 kobolds
  A quokka (D:2)
  5 frilled lizards
  5 rats
171 creatures vanquished.

Notes
Turn   | Place    | Note
-------+----------+-------------------------------------------
     0 | D:1      | NeoElementia the Troll Berserker began the quest for the
                  | Orb.
     0 | D:1      | Reached XP level 1. HP: 22/22 MP: 0/0
    66 | D:1      | Reached XP level 2. HP: 29/29 MP: 1/1
   735 | D:1      | Reached XP level 3. HP: 36/36 MP: 2/2
  1801 | D:2      | Found an ancient bone altar of Kikubaaqudgha.
  1806 | D:2      | Reached skill level 4 in Unarmed Combat
  1806 | D:2      | Reached XP level 4. HP: 44/44 MP: 3/3
  1912 | D:2      | Reached ** piety under Trog
  1965 | D:2      | Found a bloodstained altar of Trog.
  2093 | D:2      | Reached XP level 5. HP: 52/52 MP: 4/4
  3078 | D:3      | Reached skill level 1 in Throwing
  3143 | D:3      | Found a shattered altar of Ashenzari.
  3144 | D:3      | Found a snail-covered altar of Cheibriados.
  3267 | D:3      | Found a runed translucent gate.
  3267 | D:3      | Found a runed translucent gate.
  3267 | D:3      | Found a runed translucent gate.
  3267 | D:3      | Noticed Pseudoku's ghost (amateur DrWr)
  3274 | D:3      | Reached skill level 5 in Unarmed Combat
  3274 | D:3      | Reached XP level 6. HP: 59/59 MP: 5/5
  3293 | D:3      | Killed Pseudoku's ghost
  3400 | D:3      | Reached *** piety under Trog
  3498 | D:4      | Gained mutation: You are partially covered in thin metallic
                  | scales. (AC +2) [potion of mutation]
  3498 | D:4      | Gained mutation: Your mind is acute. (Int +2) [potion of
                  | mutation]
  3499 | D:4      | Lost mutation: Your mind is acute. (Int +2) [potion of
                  | mutation]
  3499 | D:4      | Gained mutation: Your spells are a little easier to cast,
                  | but a little less powerful. [potion of mutation]
  3499 | D:4      | Gained mutation: Your muscles are strong. (Str +2) [potion
                  | of mutation]
  3718 | D:4      | Reached XP level 7. HP: 67/67 MP: 6/6
  3818 | D:4      | Found an opulent altar of Gozag.
  3820 | D:4      | Found a shimmering altar of Xom.
  3851 | D:4      | Reached skill level 6 in Unarmed Combat
  4186 | D:4      | Found a hazy altar of Hepliaklqana.
  4186 | D:4      | Found a basalt altar of Yredelemnul.
  4188 | D:4      | Found a radiant altar of Vehumet.
  4234 | D:5      | Entered Level 5 of the Dungeon
  4291 | D:5      | Found Nijaasogh's Jewellery Boutique.
  4539 | D:5      | Reached skill level 1 in Axes
  4576 | D:5      | Received a gift from Trog
  4787 | D:5      | Reached **** piety under Trog
  4787 | D:5      | Reached XP level 8. HP: 75/75 MP: 7/7
  4945 | D:5      | Found a staircase to the Ecumenical Temple.
  4965 | Temple   | Entered the Ecumenical Temple
  5410 | D:6      | Received a gift from Trog
  5421 | D:6      | Reached skill level 1 in Stealth
  5588 | D:6      | Identified the +4 whip of the Dungeon {freeze, rN+ Int+4}
  6055 | D:6      | Found a runed translucent gate.
  6055 | D:6      | Found an opulent altar of Gozag.
  6057 | D:6      | Found a runed translucent gate.
  6057 | D:6      | Found a runed translucent gate.
  6057 | D:6      | Noticed Duelies's ghost (novice GnGl)
  6057 | D:6      | Noticed a wizard
  6057 | D:6      | Noticed a hornet
  6066 | D:6      | Killed a hornet
  6066 | D:6      | Reached skill level 5 in Dodging
  6070 | D:6      | HP: 1/117 [Duelies's ghost (24)]
  6072 | D:6      | Mangled by Duelies's ghost

Levels and vault maps discovered:
D:1:      lordsloth_arrival_two_stooges, layout_basic
D:2:      layout_basic, kennysheep_vampire_church, trog_butcher_becter
D:3:      layout_rooms, gammafunk_temple_overflow_statue, first_ration,
          gammafunk_ghost_necromancy, minmay_quantized
D:4:      layout_cave_pools, nicolae_overflow_hidden_temple,
          corexii_leaking_fountain
D:5:      minmay_goblin_kobold_castle, layout_cave_pools,
          minmay_temple_entry_mist, serial_shops, nicolae_shop_stone
D:6:      layout_loops_corners, ebering_ghost_gozag, kennysheep_generic_room_12
Temple:   cyrus_circular_temple
